 Dungeon Crawl Stone Soup version 0.29.1-4-g47bece8355 (webtiles) character file.

Game seed: 17524448869132317395

16641 croobank the Destroyer (level 12, 0/92 HPs)
             Began as a Demonspawn Conjurer on Dec 1, 2022.
             Was an Initiate of Gozag.
             Slain by a wolf (4 damage)
             ... on level 2 of the Lair of Beasts.
             The game lasted 00:54:34 (16702 turns).

croobank the Destroyer (Demonspawn Conjurer)       Turns: 16702, Time: 00:54:34

Health: 0/92       AC:  7    Str: 12    XL:     12   Next: 11%
Magic:  23/23      EV: 17    Int: 30    God:    Gozag
Gold:   1387       SH:  6    Dex: 12    Spells: 11/26 levels left

rFire   x . .      SeeInvis .   F - +11 mace of Honour {spect, rElec rF- Str+4}
rCold   + . .      Faith    .   g - +1 buckler
rNeg    . . .      Spirit   .   b - +0 steam dragon scales
rPois   .          Reflect  .   d - +1 hat
rElec   +          Harm     .   (cloak unavailable)
rCorr   .          Rampage  .   (no gloves)
Will    .....                   r - +0 pair of boots
Stlth   ++++......              q - amulet of the acrobat
HPRegen 0.25/turn               w - +6 ring of intelligence
MPRegen 0.18/turn               E - ring of protection from cold

@: gold aura
A: repulsion field 2, demonic guardian 1, ignite blood 1, weakness stinger 3
a: Renounce Religion, Potion Petition, Call Merchant, Bribe Branch


You were on level 2 of the Lair of Beasts.
You worshipped Gozag.
Gozag was most pleased with you.
You visited 3 branches of the dungeon, and saw 14 of its levels.
You also visited: Ice Cave.

You collected 1974 gold pieces.
You spent 208 gold pieces at shops.
You paid 379 gold pieces to Gozag.

Inventory:

Hand Weapons
 a - the +8 morningstar "Faiw Dae" {vorpal, rPois rN+ Dex+4 SInv}
   (You found it on level 2 of the Lair of Beasts)

   It inflicts extra damage upon your enemies.
   Dex:       It affects your dexterity (+4).
   rPois:     It protects you from poison.
   rN:        It protects you from negative energy.
   SInv:      It lets you see invisible.
 i - a +0 broad axe
 p - a +0 demon whip of venom
 t - the +5 mace of the Extremes {drain, rC+ Will++ Int+4}
   (You found it on level 3 of the Dungeon)

   A truly terrible weapon, it drains the life of any living foe it strikes.
   Int:       It affects your intelligence (+4).
   rC:        It protects you from cold.
   Will:      It greatly increases your willpower.
 x - a +1 great mace of protection
 z - a +3 dagger of speed
 D - a +0 war axe
 F - the +11 mace of Honour (weapon) {spect, rElec rF- Str+4}
   (You found it on level 7 of the Dungeon)

   When its wielder attacks, the weapon's spirit leaps out and strikes again.
   The spirit shares a part of any damage it takes with its wielder.
   Str:       It affects your strength (+4).
   rF:        It makes you vulnerable to fire.
   rElec:     It insulates you from electricity.
 H - a +4 falchion
 I - a +3 dagger of freezing
 J - a +4 flail
 K - a +5 spear
 P - a +4 quarterstaff of chaos
Missiles
 h - 3 throwing nets
Armour
 b - +0 steam dragon scales (worn)
 d - a +1 hat (worn)
 g - a +1 buckler (worn)
 r - a +0 pair of boots (worn)
Magical Staves
 U - a staff of cold
Jewellery
 q - an amulet of the acrobat (around neck)
 w - a +6 ring of intelligence (left hand)
 A - a ring of see invisible
 E - a ring of protection from cold (right hand)
 L - a ring of willpower
 M - a ring of fire
 Q - a ring of positive energy
 T - a +6 ring of dexterity
 X - the ring "Rixorok" {Ice Str+5 Int-4 Dex+7}
   (You found it in an ice cave)

   [ring of ice]

   It enhances your ice magic.
   Str:       It affects your strength (+5).
   Int:       It affects your intelligence (-4).
   Dex:       It affects your dexterity (+7).
   rF:        It makes you vulnerable to fire.
   rC:        It protects you from cold.
Wands
 l - a wand of iceblast (4)
 y - a wand of polymorph (12)
 S - a wand of paralysis (8)
Scrolls
 j - 3 scrolls of identify
 k - 2 scrolls of magic mapping
 n - a scroll of noise
 C - a scroll of fog
 G - 2 scrolls of fear
 N - a scroll of amnesia
 R - a scroll of vulnerability
 Y - 2 scrolls of teleportation
Potions
 c - 2 potions of mutation
 e - 5 potions of curing
 f - 4 potions of flight
 m - 3 potions of lignification
 o - 2 potions of invisibility
 s - 2 potions of attraction
 u - 2 potions of resistance
 v - 8 potions of might
 B - 2 potions of cancellation
 O - a potion of magic


   Skills:
 + Level 8.1 Fighting
 * Level 1.1 Maces & Flails
 + Level 7.9 Dodging
 + Level 8.5 Stealth
 - Level 5.0 Shields
 + Level 7.9 Spellcasting
 + Level 9.3 Conjurations
 - Level 5.0 Hexes


You had 11 spell levels left.
You knew the following spells:

 Your Spells              Type           Power      Damage    Failure   Level
a - Magic Dart            Conj           100%       1d8       1%          1
b - Searing Ray           Conj           100%       2d8       1%          2
c - Dazzling Flash        Conj/Hex       100%       N/A       1%          3
d - Iskenderun's Mystic   Conj/Tloc      39%        2d9       9%          4
e - Ensorcelled Hibernat  Hex/Ice        52%        N/A       3%          2
f - Inner Flame           Hex/Fire       26%        N/A       6%          3

Your spell library contained the following spells:

 Spells                   Type           Power      Damage    Failure   Level
 Shock                    Conj/Air       100%       1d9       1%          1
 Static Discharge         Conj/Air       39%        3-8/arc   1%          2
 Confusing Touch          Hex            41%        N/A       2%          3
 Fulminant Prism          Conj/Hex       26%        3d14      3%          4
 Apportation              Tloc           22%        N/A       5%          1
 Necrotise                Necr           44%        1d6       5%          1
 Summon Small Mammal      Summ           44%        N/A       5%          1
 Cause Fear               Hex            20%        N/A       7%          4
 Poisonous Vapours        Pois/Air       22%        N/A       9%          2
 Spider Form              Tmut/Pois      11%        N/A       17%         3
 Swiftness                Air            11%        N/A       17%         3
 Anguish                  Hex/Necr       13%        N/A       21%         4
 Lightning Bolt           Conj/Air       19%        1d34      22%         5
 Airstrike                Air            5%         2d(1-17)  50%         4
 Animate Armour           Summ/Erth      22%        N/A       50%         4
 Yara's Violent Unravell  Hex/Tmut       13%        3d7       50%         5
 Iron Shot                Conj/Erth      19%        9d4       77%         6
 Blade Hands              Tmut           5%         N/A       83%         5
 Enfeeble                 Hex            20%        N/A       99%         7
 Haunt                    Necr/Summ      5%         N/A       100%        7
 Discord                  Hex            20%        N/A       100%        8
 Infestation              Necr           5%         N/A       100%        8
 Maxwell's Capacitive Co  Air            5%         ∞         100%        8
 Animate Dead             Necr           Unusable   N/A       N/A         4
 Corpse Rot               Necr/Pois/Air  Unusable   N/A       N/A         4

Dungeon Overview and Level Annotations

Branches:
Dungeon (11/15)            Temple (1/1) D:7            Lair (2/5) D:11
  Snake (0/4) Lair:2        IceCv (visited)
  Swamp: Lair:2-3    Shoals: Lair:2-3       Orc: D:9-12

Altars:
Ashenzari
Cheibriados
Dithmenos
Fedhas
Gozag
Hepliaklqana
Kikubaaqudgha
Makhleb
Nemelex Xobeh
Okawaru
Qazlal
Ru
Sif Muna
Trog
Uskayaw
Vehumet
Wu Jian
Xom
Yredelemnul

Shops:
D:7 *   D:10 !

Portals:
Trove: D:10 (give +4 ice dragon scales)

Annotations:
D:3 3 runed translucent doors, TheSexyCheese's ghost, amateur MiFi


Innate Abilities, Weirdness & Mutations

You are surrounded by a moderate repulsion field. (EV +3)
A weak demonic guardian rushes to your aid.
Your demonic aura sometimes causes spilled blood to erupt in flames.
You have a sharp stinger which inflicts weakening toxins.


Message History

The wolf howls!
You hit the wolf.
The wolf is lightly wounded.
You hear a croak.
The wolf misses you. The wolf bites you. You block the wolf's attack.
The wolf barely misses you. The wolf bites you but does no damage.
The wolf closely misses you. The wolf bites you but does no damage.
You block the wolf's attack.
The elephant is distracted by your dazzling golden aura.
The wolf misses you.
The elephant trumpets!
You hit the wolf.
The wolf is moderately wounded.
The wolf is no longer distracted by gold.
The hell rat is no longer distracted by gold.
You block the wolf's attack. The wolf completely misses you. x2
The wolf misses you. The wolf bites you! The wolf closely misses you.
The wolf bites you.
A cane toad comes into view.
The wolf bites you.
A demonic guardian appears!
The hell rat bites your orange demon. The wolf misses you.
The wolf barely misses you. The wolf bites you but does no damage.
You closely miss the wolf.
The wolf is moderately wounded.
The elephant is no longer distracted by gold.
The wolf misses you. The wolf bites you!
* * * LOW HITPOINT WARNING * * *
The wolf bites you.
* * * LOW HITPOINT WARNING * * *
The wolf completely misses you. The hell rat bites your orange demon!
The wolf closely misses you. The wolf barely misses you.
The wolf closely misses you. The elephant tramples you!
* * * LOW HITPOINT WARNING * * *
You hold your ground!
The elephant trunk-slaps you.
* * * LOW HITPOINT WARNING * * *
The wolf closely misses you.
Your orange demon misses the wolf.
Your orange demon hits the wolf.
The hell rat bites your orange demon. The wolf bites you.
You die...
Your body crumbles into a pile of gold.

.........##.....# ...
.........#.#...## ...
........P###...##. ..
.................. ...
P..##P.............. ###
###..............
###P..............
..####h#####....#..#...
......rh@####.......^.#
......rhhY##..........#.
.......4h....rr.........
......................(r
......................#
.......F..............#
.....................##
...................##
.................#.#


You could see an elephant, a cane toad, 5 wolves, 2 hell rats and a friendly
orange demon (summoned).

Vanquished Creatures
  A vault guard (D:10)
  Amaemon (Lair:1)
  Pikel (D:7)
  An ugly thing (IceCv)
  2 ice statues (IceCv)
  An orange demon (Lair:1)
  4 cane toads
  A freezing wraith (IceCv)
  Maggie (Lair:1)
  A rime drake (Lair:2)
  A komodo dragon (D:10)
  An anaconda simulacrum (IceCv)
  2 polar bears (Lair:1)
  Prince Ribbit (D:5)
  3 blink frogs (Lair:2)
  Sigmund (D:2)
  6 wyverns
  Grum (D:7)
  A basilisk (Lair:1)
  11 yaks
  3 steam dragons
  A death yak simulacrum (IceCv)
  5 water moccasins
  2 nagas (Lair:2)
  3 acid dragons
  A hydra simulacrum (IceCv)
  2 ice beasts
  2 orc warriors (D:7)
  3 sky beasts (D:9)
  An ogre (D:7)
  9 wolves
  5 centaurs
  A phantom (D:4)
  10 bullfrogs
  A necrophage (D:6)
  3 scorpions
  A gnoll sergeant (D:8)
  A cane toad simulacrum (IceCv)
  13 wights
  2 elephant simulacra (IceCv)
  4 killer bees (D:10)
  5 electric eels (D:11)
  3 orc priests
  Crazy Yiuf (D:2)
  A gnoll bouda (D:8)
  5 hounds
  2 jellies
  4 iguanas
  3 orc wizards
  A polar bear simulacrum (IceCv)
  18 gnolls
  3 adders
  15 white imps
  An ufetubus (D:4)
  A dart slug (D:2)
  A worm (D:5)
  16 orcs
  8 bats
  6 endoplasms
  A giant cockroach (D:3)
  7 hobgoblins
  4 kobolds
  2 quokkas (D:1)
  8 ball pythons
  2 frilled lizards
  4 goblins
  6 rats
243 creatures vanquished.

Vanquished Creatures (collateral kills)
  A cane toad (Lair:2)
1 creature vanquished.

Vanquished Creatures (others)
  An ice statue (IceCv)
  3 fungi
  7 plants
11 creatures vanquished.

Grand Total: 255 creatures vanquished

Notes
Turn   | Place    | Note
-------+----------+-------------------------------------------
     0 | D:1      | croobank the Demonspawn Conjurer began the quest for the
                  | Orb.
     0 | D:1      | Reached XP level 1. HP: 13/13 MP: 3/3
     6 | D:1      | Noticed an anaconda
     6 | D:1      | Noticed a killer bee
     7 | D:1      | Noticed a wyvern
   607 | D:1      | Gained mutation: You are surrounded by a mild repulsion
                  | field. (EV +2) [demonic ancestry]
   607 | D:1      | Reached XP level 2. HP: 19/19 MP: 1/5
   610 | D:1      | Learned a level 2 spell: Searing Ray
  1321 | D:1      | You fall into a shaft and drop 1 floor!
  1321 | D:2      | Found a faded altar of an unknown god.
  1387 | D:2      | Reached XP level 3. HP: 25/25 MP: 2/6
  1391 | D:2      | Learned a level 3 spell: Dazzling Flash
  1906 | D:2      | Noticed Sigmund
  2209 | D:3      | Reached skill level 1 in Fighting
  2296 | D:3      | Gained mutation: You have a small tail. [demonic ancestry]
  2296 | D:3      | Reached XP level 4. HP: 32/32 MP: 3/7
  2595 | D:3      | Found a faded altar of an unknown god.
  2683 | D:3      | Found a snail-covered altar of Cheibriados.
  2797 | D:3      | Found a runed translucent gate.
  2798 | D:3      | Found a runed translucent gate.
  2798 | D:3      | Noticed TheSexyCheese's ghost (amateur MiFi)
  2799 | D:3      | Found a runed translucent gate.
  2800 | D:3      | Noticed a kobold brigand
  2800 | D:3      | Identified the +5 mace of the Extremes {drain, rC+ Will++
                  | Int+4}
  2977 | D:3      | Reached XP level 5. HP: 15/38 MP: 1/9
  3683 | D:4      | Noticed a phantom
  3689 | D:4      | Killed a phantom
  3690 | D:4      | Reached XP level 6. HP: 45/45 MP: 1/10
  3865 | D:4      | Learned a level 4 spell: Iskenderun's Mystic Blast
  4082 | D:4      | Found a blossoming altar of Fedhas.
  4449 | D:5      | Entered Level 5 of the Dungeon
  4470 | D:5      | Reached skill level 5 in Conjurations
  4704 | D:5      | Reached skill level 1 in Hexes
  4995 | D:5      | Reached skill level 1 in Shields
  4995 | D:5      | Gained mutation: You have a tail ending in a sharp stinger.
                  | [demonic ancestry]
  4995 | D:5      | Reached XP level 7. HP: 43/51 MP: 9/12
  6033 | D:5      | Noticed Prince Ribbit
  6042 | D:5      | Killed Prince Ribbit
  6155 | D:5      | Found a hide-covered altar of Uskayaw.
  6197 | D:5      | Gained mutation: Your demonic aura sometimes causes spilled
                  | blood to erupt in flames. [demonic ancestry]
  6197 | D:5      | Reached XP level 8. HP: 52/58 MP: 2/13
  6328 | D:6      | Found an ancient bone altar of Kikubaaqudgha.
  6363 | D:6      | Found a bloodstained altar of Trog.
  6572 | D:6      | Found an ornate altar of the Wu Jian Council.
  6761 | D:6      | Found a radiant altar of Vehumet.
  6900 | D:6      | Reached skill level 6 in Conjurations
  7300 | D:7      | Identified the +11 mace of Honour {spect, rElec rF- Str+4}
  7329 | D:7      | Found a staircase to the Ecumenical Temple.
  7329 | D:7      | Noticed Pikel
  7334 | D:7      | Killed Pikel
  7335 | D:7      | Reached skill level 5 in Stealth
  7335 | D:7      | Gained mutation: You have a sharp stinger which inflicts
                  | weakening toxins. [demonic ancestry]
  7335 | D:7      | Reached XP level 9. HP: 59/66 MP: 9/16
  7338 | D:7      | Learned a level 2 spell: Ensorcelled Hibernation
  7356 | Temple   | Entered the Ecumenical Temple
  7429 | Temple   | Became a worshipper of Gozag Ym Sagoz the Greedy
  7556 | D:7      | Found Ulene's Gadget Gallery.
  7680 | D:7      | Reached skill level 5 in Spellcasting
  7792 | D:7      | Reached skill level 5 in Dodging
  8055 | D:7      | Found a broken altar of Ashenzari.
  8318 | D:7      | Reached skill level 5 in Fighting
  8796 | D:2      | Killed Sigmund
  9020 | D:2      | Found a runed translucent door.
  9021 | D:2      | Noticed Crazy Yiuf
  9059 | D:2      | Killed Crazy Yiuf
  9361 | D:8      | Noticed Grum
  9381 | D:7      | Learned a level 3 spell: Inner Flame
  9394 | D:7      | Killed Grum
  9614 | D:8      | Reached XP level 10. HP: 74/74 MP: 18/18
  9635 | D:8      | Reached skill level 7 in Conjurations
 10852 | D:9      | Reached skill level 5 in Hexes
 11238 | D:10     | Entered Level 10 of the Dungeon
 11582 | D:10     | HP: 2/76 [yak (2)]
 11598 | D:10     | Reached skill level 5 in Shields
 11903 | D:10     | Found Cusewkox's Distillery.
 11910 | D:10     | Bought a potion of heal wounds for 65 gold pieces
 11910 | D:10     | Bought a potion of curing for 39 gold pieces
 11910 | D:10     | Bought a potion of curing for 39 gold pieces
 11910 | D:10     | Bought a potion of heal wounds for 65 gold pieces
 12491 | D:10     | Noticed a vault guard
 12498 | D:10     | Killed a vault guard
 12499 | D:10     | Reached skill level 8 in Conjurations
 12499 | D:10     | Gained mutation: You are surrounded by a moderate repulsion
                  | field. (EV +3) [demonic ancestry]
 12499 | D:10     | Reached XP level 11. HP: 60/83 MP: 20/20
 12504 | D:10     | Found a portal to a secret trove of treasure.
 13494 | D:11     | Found a staircase to the Lair.
 13524 | D:11     | Noticed a two-headed ogre
 13537 | Lair:1   | Entered Level 1 of the Lair of Beasts
 13742 | Lair:1   | Found a frozen archway.
 13813 | IceCv    | Entered an ice cave
 14087 | IceCv    | Noticed a white ugly thing
 14100 | IceCv    | Killed a white ugly thing
 14560 | IceCv    | Identified the ring "Rixorok" {Ice Str+5 Int-4 Dex+7}
 14753 | Lair:1   | Noticed Maggie
 14773 | Lair:1   | Killed Maggie
 15202 | Lair:1   | Reached skill level 9 in Conjurations
 15405 | Lair:1   | Noticed Amaemon
 15417 | Lair:1   | Killed Amaemon
 16097 | Lair:2   | Gained mutation: A weak demonic guardian rushes to your
                  | aid. [demonic ancestry]
 16097 | Lair:2   | Reached XP level 12. HP: 81/92 MP: 23/23
 16169 | Lair:2   | Identified the +8 morningstar "Faiw Dae" {vorpal, rPois rN+
                  | Dex+4 SInv}
 16236 | Lair:2   | Found a staircase to the Snake Pit.
 16695 | Lair:2   | Reached skill level 1 in Maces & Flails
 16702 | Lair:2   | HP: 4/92 [elephant (4)]
 16702 | Lair:2   | Slain by a wolf

Illustrated notes

Levels and vault maps discovered:
D:1:      onia_arrival_zoo_common, layout_loops_ring, minmay_heptomino_l4
D:2:      layout_loops_ring, ebering_ecumenical_altar_sacrificial,
          grunt_decor_arrowhead, uniq_crazy_yiuf_cottage, uniq_sigmund
D:3:      layout_rooms, tso_altar, nicolae_overflow_ecumenical_swirl,
          gammafunk_ghost_nasty_kobolds
D:4:      layout_rooms, mainiacjoe_overflow_surrounded_room
D:5:      layout_basic, kennysheep_little_box, uniq_prince_ribbit1
D:6:      layout_rooms, grunt_temple_overflow_open, corner_web_ring
D:7:      layout_basic, ashenzari_altar_1, minmay_temple_entry_drinking_statues,
          nicolae_shop_gadgets, uniq_pikel
D:8:      layout_rooms, uniq_grum
D:9:      layout_grid_maze, hangedman_misty_isle, uniq_psyche
D:10:     layout_roguey, enter_trove_5, serial_shops, shop,
          hangedman_decor_clover_reticule
D:11:     layout_grid_maze, erik_lair_island, erik_orc_2, hangedman_ranch,
          uniq_nergalle
Temple:   nicolae_temple_godzebo
Lair:1:   layout_cave_pods, portal_ice_cave_entry_imps,
          cheibrodos_lair_lostbears, serial_bayou_shore_b, uniq_maggie,
          uniq_amaemon
Lair:2:   layout_gridlike, guppyfry_snake_entry_garden

Skill      XL: |  1  2  3  4  5  6  7  8  9 10 11 12 |
---------------+-------------------------------------+-----
Stealth        | 2 3 4 5 7 8 |  8.5
Dodging        | 2 3 4 5 6 7 |  7.9
Fighting       | 1 2 3 4 5 6 8 |  8.1
Spellcasting   | 3 4 5 6 7 |  7.9
Conjurations   | 5 6 8 9 |  9.3
Hexes          | 1 2 3 4 5 |  5.0
Shields        | 1 2 3 4 5 |  5.0
Maces & Flails | 1 |  1.1

Action                   |  1- 3 |  4- 6 |  7- 9 | 10-12 || total
-------------------------+-------+-------+-------+-------++-------
Melee: Unarmed           |    10 |       |       |       ||    10
       Dagger            |    15 |     7 |       |     1 ||    23
       Mace              |     1 |    32 |    79 |   208 ||   320
       Tailslap          |       |    10 |    12 |    36 ||    58
       Morningstar       |       |       |       |    17 ||    17
 Cast: Magic Dart        |    40 |    36 |    20 |    26 ||   122
       Searing Ray       |    12 |    17 |    24 |    18 ||    71
       Ensorcelled Hiber |       |       |     1 |     2 ||     3
       Inner Flame       |       |       |     1 |     2 ||     3
       Iskenderun's Myst |       |       |       |    11 ||    11
       Dazzling Flash    |       |       |       |     6 ||     6
Invok: Potion Petition   |       |       |       |     1 ||     1
Evoke: Wand              |       |       |       |     3 ||     3
  Use: Potion            |     1 |       |     1 |     9 ||    11
       Scroll            |       |       |    16 |     9 ||    25
 Stab: Sleeping          |     6 |     1 |     7 |     7 ||    21
       Distracted        |       |       |     2 |     5 ||     7
       Invisible         |       |       |       |     3 ||     3
       Paralysed         |       |       |       |     1 ||     1
Armor: Robe              |     8 |     8 |     4 |    24 ||    44
       Steam dragon scal |       |       |       |    15 ||    15
Dodge: Dodged            |    34 |    58 |    81 |   308 ||   481
Block: Buckler           |     3 |     8 |    33 |   100 ||   144
